 Dungeon Crawl Stone Soup version 0.30-b1-2-g02819fbbbe (webtiles) character file.

Game seed: 3166964094525920741

889 bock the Chopper (level 7, -4/62 HPs)
             Began as a Minotaur Fighter on Dec 28, 2023.
             Slain by an orc
             ... wielding a +0 flail
              (6 damage)
             ... on level 5 of the Dungeon.
             The game lasted 00:30:50 (5732 turns).

bock the Chopper (Minotaur Fighter)                 Turns: 5732, Time: 00:30:50

Health: -4/62      AC:  7    Str: 20    XL:     7   Next: 77%
Magic:  6/6        EV: 10    Int:  5    God:
Gold:   220        SH:  5    Dex: 12    Spells: 6/6 levels left

rFire   + . .        a - +0 war axe
rCold   + . .        c - +0 buckler
rNeg    . . .        b - +0 scale mail
rPois   .            (helmet restricted)
rElec   .            l - scarf {rC+ rF+}
rCorr   .            (no gloves)
SInv    .            (no boots)
Will    .....        (no amulet) Stlth
                     (no ring)
HPRegen 0.30/turn    (no ring)
MPRegen 0.10/turn

%: no passive effects
@: lethally poisoned (-4 -> -8)
A: horns 2, retaliatory headbutt
a: no special abilities


You were on level 5 of the Dungeon.
You visited 1 branch of the dungeon, and saw 5 of its levels.

You collected 220 gold pieces.

Inventory:

Hand Weapons
 a - a +0 war axe (weapon)
 v - a +0 dagger
Armour
 b - a +0 scale mail (worn)
 c - a +0 buckler (worn)
 l - a scarf of resistance (worn)
 A - an orb of wrath
Magical Staves
 n - a staff of earth
Jewellery
 j - a ring of resist corrosion
 x - a ring of positive energy
 z - an amulet of guardian spirit
Wands
 t - a wand of quicksilver (17)
 w - a wand of iceblast (3)
Scrolls
 e - a scroll of vulnerability {unknown}
 h - 3 scrolls of teleportation {unknown}
 o - 2 scrolls of identify {unknown}
 p - 3 scrolls of poison {unknown}
 s - a scroll of fear {unknown}
 u - a scroll of enchant weapon {unknown}
 y - a scroll of noise {unknown}
Potions
 d - a potion of ambrosia {unknown}
 f - a potion of magic {unknown}
 g - 4 potions of curing {unknown}
 i - a potion of degeneration {unknown}
 k - 3 potions of attraction {unknown}
 m - 3 potions of flight {unknown}
 q - a potion of lignification {unknown}
 r - a potion of cancellation {unknown}


   Skills:
 + Level 5.8 Fighting
 + Level 6.9 Axes
 + Level 6.6 Armour
 + Level 2.1 Dodging
 + Level 0.1 Stealth
 + Level 4.8 Shields


You had 6 spell levels left.
You didn't know any spells.
Your spell library contained the following spells:

 Spells                   Type           Power      Damage    Failure   Level
 Apportation              Tloc           0%         N/A       86%         1
 Necrotise                Necr           0%         1d4       86%         1
 Summon Small Mammal      Summ           0%         N/A       86%         1
 Sublimation of Blood     Necr           0%         N/A       95%         2
 Petrify                  Tmut/Erth      0%         N/A       100%        4
 Irradiate                Conj/Tmut      0%         3d11      100%        5


Dungeon Overview and Level Annotations

Branches:
Dungeon (5/15)
 Temple: D:4-7

Altars:
Ru
Zin

Annotations:
D:5 1 runed translucent door, gaukoo's ghost, amateur DrCj


Innate Abilities, Weirdness & Mutations

You have a pair of horns on your head.
You reflexively headbutt those who attack you in melee.


Message History

You are too injured to fight recklessly!
You are too injured to fight recklessly!
You are too injured to fight recklessly!
You are too injured to fight recklessly!
You are too injured to fight recklessly!
You are too injured to fight recklessly!
You are too injured to fight recklessly!
You are too injured to fight recklessly!
You are too injured to fight recklessly!
You are too injured to fight recklessly!
You are too injured to fight recklessly!
You are too injured to fight recklessly!
You are too injured to fight recklessly!
You are too injured to fight recklessly!
You are too injured to fight recklessly!
You are too injured to fight recklessly!
You are too injured to fight recklessly!
You are too injured to fight recklessly!
Unknown command.
You are too injured to fight recklessly!
You are too injured to fight recklessly!
You are too injured to fight recklessly!
You are too injured to fight recklessly!
You are too injured to fight recklessly!
* * * LOW HITPOINT WARNING * * *
You feel sick. You block the orc's attack.
You are too injured to fight recklessly!
You are too injured to fight recklessly!
You are too injured to fight recklessly!
You are too injured to fight recklessly!
You are too injured to fight recklessly!
You are too injured to fight recklessly!
You are too injured to fight recklessly!
You are too injured to fight recklessly!
You are too injured to fight recklessly!
You closely miss the orc. You headbutt the orc, but do no damage.
The orc is lightly wounded.
* * * LOW HITPOINT WARNING * * *
You feel sick. The orc hits you with a +0 flail.
You die...

#####.#.......#.#
#...##
...............#.#
#.....
≈≈≈≈≈≈≈........#.#
##....
[.....≈.......##.#
#....
≈≈≈≈≈.≈.#####.##.#
#....
≈.§$≈.≈.......##.#
##..)
§._§§§≈.#.######.#
#... §..§≈§≈.....#
... #...
≈≈§§§.≈..@..# #...
......≈..o..# #...
≈≈≈.≈≈≈.....# #...
.......^....# ####
.........##... #
########## #### #
# # #


You could see an orc.

Vanquished Creatures
  Sigmund (D:2)
  A water moccasin (D:5)
  A kobold brigand (D:4)
  3 scorpions
  3 orc priests
  A sleepcap (D:4)
  3 orc wizards
  4 adders
  An ufetubus (D:4)
  A worm (D:2)
  3 dart slugs
  23 orcs
  7 ball pythons
  7 endoplasms
  10 giant cockroaches
  11 goblins
  6 hobgoblins
  5 jackals
  6 quokkas
  6 bats
  2 frilled lizards (D:2)
  26 kobolds
  5 rats
  2 bushes (D:3)
138 creatures vanquished.

Vanquished Creatures (others)
  An orc (D:4)
  46 plants
47 creatures vanquished.

Grand Total: 185 creatures vanquished

Notes
Turn   | Place    | Note
-------+----------+-------------------------------------------
     0 | D:1      | bock the Minotaur Fighter began the quest for the Orb.
     0 | D:1      | Reached XP level 1. HP: 19/19 MP: 0/0
   187 | D:1      | Reached XP level 2. HP: 26/26 MP: 1/1
   570 | D:1      | Reached XP level 3. HP: 33/33 MP: 2/2
  1339 | D:2      | Noticed Sigmund
  1369 | D:2      | Killed Sigmund
  1370 | D:2      | Reached skill level 5 in Armour
  1370 | D:2      | Reached skill level 1 in Dodging
  1370 | D:2      | Reached XP level 4. HP: 6/41 MP: 3/3
  1370 | D:2      | Reached XP level 5. HP: 7/47 MP: 4/4
  2517 | D:3      | Reached XP level 6. HP: 21/55 MP: 5/5
  2774 | D:3      | Reached skill level 5 in Axes
  2801 | D:3      | Identified the +1 robe "Lysa" {Str+7}
  3174 | D:4      | Reached skill level 5 in Fighting
  3671 | D:4      | Reached XP level 7. HP: 48/61 MP: 6/6
  4238 | D:4      | Found a glowing silver altar of Zin.
  5252 | D:5      | Entered Level 5 of the Dungeon
  5579 | D:5      | Found a runed translucent door.
  5659 | D:5      | Noticed gaukoo's ghost (amateur DrCj)
  5714 | D:5      | Found a sacrificial altar of Ru.
  5730 | D:5      | HP: 3/62 [poisoned by a water moccasin]
  5732 | D:5      | Slain by an orc

Illustrated notes

Levels and vault maps discovered:
D:1:      mrwooster_arrival_arrow, layout_loops_ring,
          minmay_misc_feat_more_columns
D:2:      layout_rooms, uniq_sigmund
D:3:      layout_loops_ring, serial_forest, infiniplex_forest_corner_1,
          infiniplex_forest_end_3, infiniplex_forest_zigzag_2,
          infiniplex_forest_clump_double, infiniplex_forest_clump_long,
          infiniplex_forest_zigzag_1, infiniplex_forest_corner_1,
          infiniplex_forest_lined_1, grunt_decor_resistance
D:4:      kennysheep_kobold_camp, layout_loops_corners, zin_academy
D:5:      layout_basic, mainiacjoe_overflow_concentric_impassable,
          ebering_ghost_sewer_d

Skill      XL: |  1  2  3  4  5  6  7 |
---------------+----------------------+-----
Armour         | 4 5 6 |  6.6
Shields        | 4 |  4.8
Axes           | 4 5 6 |  6.9
Fighting       | 4 5 |  5.8
Dodging        | 1 2 |  2.1
Stealth        | |  0.1

Action                     |  1- 3 |  4- 6 |  7- 9 || total
---------------------------+-------+-------+-------++-------
  Melee: War axe           |    83 |   227 |    82 ||   392
         Headbutt          |     7 |    42 |    12 ||    61
    Use: Potion            |     1 |       |       ||     1
 Armour: Scale mail        |    43 |    69 |    32 ||   144
  Dodge: Dodged            |    36 |    66 |    24 ||   126
  Block: Buckler           |    14 |    45 |    18 ||    77
